 Dungeon Crawl Stone Soup version 0.28-a0-1347-g113dc556a4 (console) character file.

Game seed: 16854527048799518733

5522 jejorda2 the Carver (level 10, -1/76 HPs)
             Began as a Merfolk Berserker on Dec 23, 2021.
             Was an Elder of Trog.
             Slain by an orc (5 damage)
             ... on level 8 of the Dungeon on Dec 29, 2021.
             The game lasted 00:21:14 (8916 turns).

jejorda2 the Carver (Merfolk Berserker)             Turns: 8916, Time: 00:21:14

Health: -1/76      AC:  2    Str: 22    XL:     10   Next: 70%
Magic:  10/10      EV: 13    Int:  7    God:    Trog [****..]
Gold:   49         SH:  0    Dex: 13    Spells: 9/9 levels left

rFire   + . .      SeeInvis .   a - +1 falchion (vamp)
rCold   + . .      Faith    .   z - orb {light}
rNeg    . . .      Spirit   .   (no armour)
rPois   .          Reflect  .   h - +0 hat
rElec   .          Harm     .   (no cloak)
rCorr   .          Rampage  .   f - +1 pair of gloves
Will    ++...                   (no boots)
Stlth   +.........              u - amulet of regeneration
HPRegen 2.02/turn               v - ring of protection from fire
MPRegen 0.12/turn               e - ring of protection from cold

@: strong-willed, on berserk cooldown, regenerating, slowed, glowing, very slow
A: (nimble swimmer 2), mertail
a: Renounce Religion, Berserk, Trog's Hand, Brothers in Arms


You were on level 8 of the Dungeon.
You worshipped Trog.
Trog was greatly pleased with you.
You visited 1 branch of the dungeon, and saw 8 of its levels.

You collected 481 gold pieces.
You spent 432 gold pieces at shops.

Inventory:

Hand Weapons
 a - a +1 vampiric falchion (weapon)
 D - a +0 falchion of holy wrath
Missiles
 b - 28 poisoned darts (quivered)
 c - 146 stones
 I - 4 throwing nets
Armour
 f - a +1 pair of gloves (worn)
 h - a +0 hat (worn)
 o - a +2 scale mail of willpower
 z - an orb of light (worn)
 J - the +0 scale mail of the Meadowlark {rF+ rC++ rN+}
   (You bought it in a shop on level 5 of the Dungeon)

   rF:        It protects you from fire.
   rC:        It greatly protects you from cold.
   rN:        It protects you from negative energy.
Jewellery
 d - a ring of see invisible
 e - a ring of protection from cold (right hand)
 u - an amulet of regeneration (around neck)
 v - a ring of protection from fire (left hand)
 B - an amulet of the acrobat
 G - a ring of resist corrosion
Wands
 k - a wand of iceblast (7)
 p - a wand of polymorph (6)
 C - a wand of flame (26)
 H - a wand of acid (9)
Scrolls
 l - 3 scrolls of enchant weapon
 m - 2 scrolls of blinking
 x - 3 scrolls of teleportation
 y - a scroll of enchant armour
Potions
 g - a potion of haste {unknown}
 i - 2 potions of cancellation {unknown}
 j - a potion of heal wounds {unknown}
 n - 2 potions of curing
 q - 2 potions of magic
 r - a potion of degeneration {unknown}
 s - 2 potions of flight
 t - 2 potions of attraction
 w - a potion of mutation {unknown}
 A - a potion of might {unknown}
 F - a potion of ambrosia {unknown}
 K - a potion of brilliance {unknown}


   Skills:
 + Level 6.2 Fighting
 - Level 14.0 Long Blades
 - Level 6.0 Armour
 + Level 3.1 Dodging
 * Level 1.4 Evocations


You had 9 spell levels left.
You didn't know any spells.
Your spell library was empty.

Dungeon Overview and Level Annotations

Branches:
Dungeon (8/15)             Temple (0/1) D:5            Lair (0/6) D:8

Altars:
Ashenzari
Gozag
Hepliaklqana
Qazlal
Ru
Trog
Yredelemnul
The Shining One

Shops:
D:1 (   D:5 [


Innate Abilities, Weirdness & Mutations

((You are very nimble when in or above water. (Stealth+, EV+, Speed+++)))
Your lower body shifts to a powerful aquatic tail in water.


Message History

You kill the orc warrior!
Trog accepts your kill.
You hit the orc.
You feel better.
The orc is heavily wounded.
The orc barely misses you.
The orc hits you from afar with a +0 trident. x2
You barely miss the orc.
The orc is heavily wounded.
The orc hits you with a +0 hand axe!
You slice the orc!!
You feel better.
You kill the orc!
Trog accepts your kill. The orc barely misses you.
The orc hits you but does no damage.
The orc hits you from afar with a +0 trident!
* * * LOW HITPOINT WARNING * * *
You hit the orc priest but do no damage.
You are no longer berserk.
You are exhausted.
You feel yourself slow down.
The orc hits you from afar with a +0 trident.
* * * LOW HITPOINT WARNING * * *
You slash the orc priest!
The orc priest is heavily wounded.
The orc priest hits you but does no damage.
The orc hits you with a +0 hand axe.
* * * LOW HITPOINT WARNING * * *
The orc closely misses you.
The orc hits you from afar with a +0 trident!
* * * LOW HITPOINT WARNING * * *
The orc barely misses you. The orc hits you with a +0 hand axe.
* * * LOW HITPOINT WARNING * * *
Your skin crawls.
You feel strong-willed. The orc closely misses you. The orc misses you.
The orc barely misses you.
The orc curses to no one in particular.
You hit the orc but do no damage. The orc hits you with a +0 hand axe.
* * * LOW HITPOINT WARNING * * *
The orc hits you from afar with a +0 trident.
You die...

##* #.# #.# #.#
#.# #.#########
#.@#).....# ####
#.)ooo....# ...#
#.##o.....# ...#
#.##o..$..# ...#
###..#......# >..#
######....#......#
...#
#...##.#.#########
...# #...##...#
#.# ...#
#...##.### #.#


You could see 5 orcs.

Vanquished Creatures
  Harold (D:7)
  Maggie (D:7)
  2 shadows
  3 vampire mosquitoes (D:6)
  2 steam dragons
  2 water moccasins (D:7)
  A sky beast (D:8)
  An ice beast (D:8)
  5 orc warriors (D:8)
  2 black bears
  4 ogres
  A necrophage (D:7)
  A centaur (D:6)
  A phantom (D:7)
  8 bullfrogs
  A gnoll sergeant (D:8)
  A water moccasin zombie (D:7)
  4 scorpions
  A water moccasin skeleton (D:5)
  2 centaur zombies
  A bullfrog zombie (D:7)
  3 jellies
  2 gnoll shamans (D:7)
  4 hounds
  5 orc priests
  A bullfrog skeleton (D:7)
  A centaur skeleton (D:7)
  3 iguanas
  Terence (D:2)
  Ijyb (D:5)
  3 orc wizards
  A hound skeleton (D:4)
  16 gnolls
  7 adders
  A howler monkey skeleton (D:5)
  A white imp (D:7)
  An ufetubus (D:4)
  An adder zombie (D:5)
  2 adder skeletons
  3 worms
  2 dart slugs
  37 orcs
  8 endoplasms
  7 giant cockroaches
  8 goblins
  6 hobgoblins
  6 jackals
  5 kobolds
  3 quokkas
  9 ball pythons
  6 bats
  3 frilled lizards
  10 rats
212 creatures vanquished.

Vanquished Creatures (others)
  5 fungi (D:8)
  3 plants (D:8)
8 creatures vanquished.

Grand Total: 220 creatures vanquished

Notes
Turn   | Place    | Note
-------+----------+-------------------------------------------
     0 | D:1      | jejorda2 the Merfolk Berserker began the quest for the Orb.
     0 | D:1      | Reached XP level 1. HP: 18/18 MP: 1/1
   177 | D:1      | Reached XP level 2. HP: 21/24 MP: 2/2
   727 | D:1      | Found a faded altar of an unknown god.
   868 | D:1      | Reached XP level 3. HP: 27/29 MP: 3/3
   955 | D:1      | Found Amidd's Antique Weapon Shoppe.
  1014 | D:1      | Reached skill level 4 in Long Blades
  1242 | D:2      | Reached ** piety under Trog
  1642 | D:2      | Reached XP level 4. HP: 37/37 MP: 4/4
  1780 | D:2      | Noticed Terence
  1788 | D:2      | Killed Terence
  2391 | D:3      | Reached XP level 5. HP: 41/42 MP: 5/5
  2395 | D:3      | Reached skill level 5 in Long Blades
  3006 | D:3      | Reached *** piety under Trog
  3405 | D:3      | Found a hazy altar of Hepliaklqana.
  3663 | D:4      | Reached XP level 6. HP: 31/49 MP: 6/6
  3981 | D:4      | Reached skill level 6 in Long Blades
  4092 | D:4      | Found a glowing golden altar of the Shining One.
  4260 | D:4      | Found a stormy altar of Qazlal.
  4489 | D:4      | Found a basalt altar of Yredelemnul.
  4652 | D:4      | Reached skill level 5 in Fighting
  4660 | D:4      | Reached XP level 7. HP: 35/56 MP: 7/7
  4968 | D:5      | Entered Level 5 of the Dungeon
  5145 | D:5      | Found a staircase to the Ecumenical Temple.
  5318 | D:5      | Found a broken altar of Ashenzari.
  5356 | D:5      | Reached skill level 7 in Long Blades
  5430 | D:5      | Noticed Ijyb
  5443 | D:5      | Killed Ijyb
  5498 | D:5      | Found Buagaqe's Antique Armour Shop.
  5508 | D:5      | Upgraded the game from 0.28-a0-1234-g826d19b2e0 to
                  | 0.28-a0-1347-g113dc556a4
  5698 | D:5      | Noticed a shadow
  5713 | D:5      | Killed a shadow
  5714 | D:5      | Reached XP level 8. HP: 64/64 MP: 8/8
  6033 | D:6      | Reached skill level 8 in Long Blades
  6052 | D:6      | Found an opulent altar of Gozag.
  6211 | D:6      | Found a bloodstained altar of Trog.
  6348 | D:6      | Reached skill level 9 in Long Blades
  6455 | D:5      | Bought a translucent scale mail for 216 gold pieces
  6455 | D:5      | Identified the +1 scale mail of Repulsion {rF++ rN+ Str-5}
                  | (You bought it in a shop on level 5 of the Dungeon)
  6606 | D:6      | Noticed a shadow
  6613 | D:6      | Killed a shadow
  6614 | D:6      | Reached XP level 9. HP: 69/69 MP: 9/9
  6765 | D:6      | Reached skill level 10 in Long Blades
  6830 | D:6      | Reached skill level 5 in Armour
  7369 | D:7      | Found a sacrificial altar of Ru.
  7369 | D:7      | Noticed Maggie
  7376 | D:7      | Reached skill level 11 in Long Blades
  7382 | D:7      | Killed Maggie
  7673 | D:7      | Reached skill level 12 in Long Blades
  7673 | D:7      | Reached XP level 10. HP: 76/76 MP: 10/10
  7844 | D:7      | Identified the +0 leather armour of Haqosufa {rF+ Int+5
                  | Dex-2 Slay+2}
  7972 | D:7      | Noticed Harold
  7990 | D:7      | Killed Harold
  8214 | D:5      | Bought a bloodstained scale mail for 216 gold pieces
  8214 | D:5      | Identified the +0 scale mail of the Meadowlark {rF+ rC++
                  | rN+} (You bought it in a shop on level 5 of the Dungeon)
  8406 | D:8      | Reached skill level 13 in Long Blades
  8877 | D:8      | Reached skill level 14 in Long Blades
  8886 | D:8      | Reached skill level 1 in Evocations
  8886 | D:8      | Reached **** piety under Trog
  8916 | D:8      | Slain by an orc

Illustrated notes

Levels and vault maps discovered:
D:1:      amcnicky_arrival_gap_in_the_tavern_cellar, layout_basic,
          shapermc_ecumenical_altar_mp_vishouse, serial_shops,
          nicolae_shop_waterfront
D:2:      layout_loops_ring, uniq_terence
D:3:      kennysheep_six_static_rooms, layout_loops_ring, old_standard_altar,
          serial_glass, glass_columns_a, glass_columns_c,
          kennysheep_generic_room_2
D:4:      layout_basic, mainiacjoe_overflow_surrounded_room,
          lemuel_doored_altar, general_overflow_altar
D:5:      layout_gridville, ashenzari_conservatory_becter,
          minmay_temple_entry_junction_2, serial_shops, shop,
          kennysheep_opposing_triangles, uniq_ijyb
D:6:      layout_basic, amcnicky_altar_gilded, mainiacjoe_overflow_paths,
          roderic_serpentine_path, minmay_three_doors
D:7:      layout_basic, mainiacjoe_overflow_boulevard, minmay_misc_feat_columns,
          uniq_harold, uniq_maggie
D:8:      layout_rooms, grunt_lair_entry_orc_guard_hut, special_room
          [special_room_orc], kennysheep_small_square

Skill      XL: |  1  2  3  4  5  6  7  8  9 10 |
---------------+-------------------------------+-----
Long Blades    | 4 5 6 7 9 12 14 | 14.0
Fighting       | 4 5 6 |  6.2
Armour         | 2 3 4 5 6 |  6.0
Dodging        | 3 |  3.1
Evocations     | 1 |  1.4

Action                   |  1- 3 |  4- 6 |  7- 9 | 10-12 || total
-------------------------+-------+-------+-------+-------++-------
Melee: Falchion          |   106 |   239 |   322 |   170 ||   837
Throw: Stone             |    84 |    29 |       |       ||   113
       Dart              |       |       |     8 |       ||     8
Invok: Berserk           |       |     6 |     9 |     4 ||    19
       Trog's Hand       |       |     1 |     2 |     2 ||     5
  Use: Scroll            |       |       |    10 |     4 ||    14
 Stab: Sleeping          |     1 |       |       |       ||     1
Armor: Leather armour    |    15 |       |       |       ||    15
       Animal skin       |     4 |       |       |       ||     4
       Scale mail        |       |    92 |   133 |    34 ||   259
       Ring mail         |       |     5 |       |       ||     5
       Skin              |       |       |       |    10 ||    10
Dodge: Dodged            |    62 |   111 |   160 |   100 ||   433

Table legend: (Time is in decaauts)
 A = Elapsed time spent in this place.
 B = Non-inter-level travel time spent in this place.
 C = Inter-level travel time spent in this place.
 D = Time resting spent in this place.
 E = Time spent auto-exploring this place.
 F = Levels seen in this place.
 G = Mean time per level.
                   A        B        C        D        E       F      G
               +--------+--------+--------+--------+--------+-----+--------+
         Total |   8971 |   8406 |    565 |   1034 |   5677 |   8 | 1121.4 |
       Dungeon |   8971 |   8406 |    565 |   1034 |   5677 |   8 | 1121.4 |
               +--------+--------+--------+--------+--------+-----+--------+

Top non-repeatable levels by time:
     D:4: 1473 daAuts
     D:3: 1363 daAuts
     D:1: 1223 daAuts
     D:7: 1152 daAuts
     D:5: 1146 daAuts
     D:2: 1092 daAuts
     D:6: 1041 daAuts
     D:8: 478 daAuts
